 Dungeon Crawl Stone Soup version 0.28-a0-48-gfd831c5874 (webtiles) character file.

Game seed: 11144970387788001393

895 lnt the Ducker (level 7, -3/52 HPs)
             Began as a Yellow Draconian Transmuter on July 12, 2021.
             Slain by a lemure (5 damage)
             ... led by Pikel
             ... on level 5 of the Dungeon on July 29, 2021.
             The game lasted 00:37:06 (6391 turns).

lnt the Ducker (Yellow Draconian Transmuter)        Turns: 6391, Time: 00:37:07

Health: -3/52      AC:  6    Str: 24    XL:     7   Next: 78%
Magic:  11/13      EV: 14    Int: 14    God:
Gold:   225        SH:  0    Dex: 13    Spells: 9/15 levels left

rFire   . . .      SeeInvis .     - Unarmed
rCold   . . .      Faith    .   (no shield)
rNeg    . . .      Spirit   .   (armour unavailable)
rPois   .          Reflect  .   (helmet currently unavailable)
rElec   .          Harm     .   (no cloak)
rCorr   +          Rampage  .   (no gloves)
Will    .....                   (boots currently unavailable)
Stlth   +.........              (no amulet)
HPRegen 0.17/turn               l - +6 ring of strength
MPRegen 0.13/turn               q - +6 ring of strength

@: appendages, hasted, very quick
A: horns 2, talons 2, spit acid, AC +6, unfitting armour, cold-blooded, acid
resistance
a: Breathe Acid, End Transformation


You were on level 5 of the Dungeon.
You had temporarily grown beastly horns and talons.
You visited 1 branch of the dungeon, and saw 5 of its levels.

You collected 225 gold pieces.

Inventory:

Hand Weapons
 a - a +0 short sword
 b - a +0 dagger
 n - a +0 dagger
 u - a +0 hunting sling
Missiles
 m - 92 stones
 p - 12 sling bullets
 r - 2 throwing nets
 x - 15 arrows
 B - 8 poisoned darts
Jewellery
 l - a +6 ring of strength (left hand)
 q - a +6 ring of strength (right hand)
Scrolls
 g - a scroll of enchant weapon
 h - a scroll of teleportation {unknown}
 j - 5 scrolls of identify {unknown}
 o - a scroll of vulnerability {unknown}
 t - a scroll of noise
 v - a scroll of amnesia {unknown}
 w - a scroll of holy word {unknown}
 y - 2 scrolls of magic mapping {unknown}
 z - a scroll of torment {unknown}
 A - a scroll of fear {unknown}
Potions
 d - 2 potions of heal wounds {unknown}
 e - 2 potions of lignification {unknown}
 f - 2 potions of haste
 i - 2 potions of attraction {unknown}
 k - a potion of curing {unknown}
 s - a potion of resistance {unknown}
 C - 2 potions of mutation {unknown}


   Skills:
 - Level 1.1 Fighting
 - Level 5.2 Dodging
 * Level 4.9 Unarmed Combat
 + Level 4.5 Spellcasting
 - Level 4.0 Transmutations


You had 9 spell levels left.
You knew the following spells:

 Your Spells              Type           Power      Damage    Failure   Level
a - Beastly Appendage     Tmut           28%        N/A       3%          1
b - Wereblood             Tmut           14%        N/A       5%          2
c - Spider Form           Tmut/Pois      4%         N/A       24%         3

Your spell library contained the following spells:

 Spells                   Type           Power      Damage    Failure   Level
 Foxfire                  Conj/Fire      12%        2x1d4     19%         1
 Summon Small Mammal      Summ           12%        N/A       19%         1
 Static Discharge         Conj/Air       3%         N/A       28%         2
 Call Canine Familiar     Summ           3%         N/A       50%         3
 Conjure Flame            Conj/Fire      3%         6-21      50%         3
 Inner Flame              Hex/Fire       3%         N/A       50%         3
 Summon Guardian Golem    Hex/Summ       3%         N/A       50%         3
 Ice Form                 Ice/Tmut       8%         N/A       61%         4
 Dispel Undead            Necr           3%         3d7       88%         4
 Sticky Flame             Conj/Fire      3%         2d3       88%         4
 Lightning Bolt           Conj/Air       1%         1d12      99%         5
 Maxwell's Capacitive Co  Air            1%         ∞         100%        8


Dungeon Overview and Level Annotations

Branches:
Dungeon (5/15)
 Temple: D:4-7

Altars:
Gozag
Ru
Sif Muna
Yredelemnul

Annotations:
D:5 Pikel


Innate Abilities, Weirdness & Mutations

You have temporarily grown beastly horns and talons.
You can spit globs of acid.
Your golden yellow scales are hard. (AC +6)
You cannot fit into any form of body armour.
You are cold-blooded and may be slowed by cold attacks.
You are resistant to acid. (rCorr)


Message History

Confirm with . or Enter, or press ? or * to list all spells.
You grow a pair of large bovine horns.
Your feet morph into talons.
Pikel completely misses you. Pikel completely misses you.
The lemure misses you. The lemure hits you but does no damage.
Casting: Beastly Appendage (safe; 3% risk of failure)
Confirm with . or Enter, or press ? or * to list all spells.
You fail to extend your transformation any further.
Pikel hits you with a +2 whip of flaming.
Pikel burns you. The lemure barely misses you. x2
Pikel hits you with a +2 whip of flaming!
Pikel burns you. The lemure closely misses you. The lemure barely misses you.
The lemure completely misses you.
As you read the scroll labelled MIQ MULOHINUGATU, it crumbles to dust.
It is a scroll of enchant weapon.
Really abort (and waste the scroll)?
Okay, then.
Pikel misses you. The lemure closely misses you. x2
As you read the scroll labelled HUODABEYCRI, it crumbles to dust.
You hear a loud clanging noise!
It was a scroll of noise.
Pikel closely misses you. The lemure misses you. The lemure hits you.
Pikel looks more healthy.
The lemure misses you.
It was a potion of haste.
You feel yourself speed up.
Pikel hits you with a +2 whip of flaming!
* * * LOW HITPOINT WARNING * * *
Pikel burns you.
* * * LOW HITPOINT WARNING * * *
The lemure hits you.
* * * LOW HITPOINT WARNING * * *
The lemure hits you.
* * * LOW HITPOINT WARNING * * *
Pikel says, "You'll feel the lick of my whip!"
The lemure barely misses you.
As you read the scroll labelled OXTOSEDOEM, it crumbles to dust.
Wisps of shadow whirl around you...
It was a scroll of summoning.
The lemure hits you.
* * * LOW HITPOINT WARNING * * *
The lemure hits you.
You die...

#####.......#....#
#...'.......#....#
#...#.......'....#
#...#.......#....#
#####.......#....#
.#..#.......#....#
.#..#..)....#....#
.+..#.......#.o55#
.#..#.......#.55@#
.##'#.......#..KS#
...)....##########
........#
........#
........#
######### ..# ..#


You could see Pikel, 4 lemures, a friendly adder (summoned) and a friendly orc
(summoned).

Vanquished Creatures
  Grinder (D:4)
  2 phantoms
  Blork the orc (D:5)
  A water moccasin zombie (D:5)
  A bullfrog skeleton (D:5)
  2 hounds
  2 iguanas (D:5)
  A hound skeleton (D:4)
  Robin (D:2)
  4 gnolls (D:5)
  7 adders
  An ufetubus (D:5)
  2 worms
  6 dart slugs
  5 orcs
  7 bats
  8 endoplasms
  6 giant cockroaches
  23 goblins
  14 hobgoblins
  13 jackals
  3 quokkas
  10 ball pythons
  4 frilled lizards
  A jackal skeleton (D:4)
  7 kobolds
  6 rats
139 creatures vanquished.

Vanquished Creatures (others)
  28 plants (D:2)
28 creatures vanquished.

Grand Total: 167 creatures vanquished

Notes
Turn   | Place    | Note
-------+----------+-------------------------------------------
     0 | D:1      | lnt the Draconian Transmuter began the quest for the Orb.
     0 | D:1      | Reached XP level 1. HP: 16/16 MP: 3/3
     0 | D:1      | Upgraded the game from 0.27-a0-1532-gca18f49f40 to
                  | 0.27-a0-1555-g0e7b3fb1d2
     2 | D:1      | Noticed a djinni
     4 | D:1      | Noticed a ghoul
     4 | D:1      | Noticed a draconian
     6 | D:1      | Noticed an octopode
     8 | D:1      | Noticed a naga
     8 | D:1      | Noticed a felid
    10 | D:1      | Noticed a dwarf
    10 | D:1      | Noticed an elf
    12 | D:1      | Noticed a minotaur
    14 | D:1      | Noticed a demonspawn
    14 | D:1      | Noticed a demigod
    16 | D:1      | Noticed a troll
    16 | D:1      | Noticed a spriggan
    18 | D:1      | Noticed a gargoyle
    18 | D:1      | Noticed an ogre
    20 | D:1      | Noticed a vine stalker
    20 | D:1      | Noticed a barachi
    22 | D:1      | Noticed a palentonga
    22 | D:1      | Noticed a merfolk
    24 | D:1      | Noticed a tengu
    24 | D:1      | Noticed a vampire
    26 | D:1      | Noticed a human
    26 | D:1      | Noticed a formicid
    35 | D:1      | Reached skill level 2 in Dodging
   132 | D:1      | Reached XP level 2. HP: 16/23 MP: 3/5
   253 | D:1      | Learned a level 2 spell: Wereblood
   615 | D:1      | Reached skill level 3 in Dodging
   920 | D:1      | Reached XP level 3. HP: 27/28 MP: 4/6
  1378 | D:1      | Learned a level 3 spell: Spider Form
  2089 | D:2      | Reached skill level 4 in Dodging
  2089 | D:2      | Reached XP level 4. HP: 28/35 MP: 5/7
  2328 | D:2      | Noticed Robin
  2330 | D:2      | Upgraded the game from 0.27-a0-1555-g0e7b3fb1d2 to
                  | 0.28-a0-48-gfd831c5874
  2823 | D:2      | You fall into a shaft and drop 1 floor!
  3406 | D:3      | Reached XP level 5. HP: 31/40 MP: 6/8
  4404 | D:2      | Killed Robin
  4669 | D:4      | Noticed Grinder
  4687 | D:4      | Killed Grinder
  4688 | D:4      | Reached XP level 6. HP: 39/47 MP: 7/10
  4905 | D:4      | Reached skill level 5 in Dodging
  4905 | D:4      | Your scales start taking on a golden yellow colour.
  4905 | D:4      | Reached XP level 7. HP: 28/52 MP: 10/12
  4905 | D:4      | Gained mutation: You are resistant to acid. (rCorr) [Yellow
                  | Draconian growth]
  5331 | D:5      | Entered Level 5 of the Dungeon
  5391 | D:5      | Found a basalt altar of Yredelemnul.
  5391 | D:5      | Found a sacrificial altar of Ru.
  5391 | D:5      | Found an opulent altar of Gozag.
  5392 | D:5      | Found a shimmering blue altar of Sif Muna.
  5804 | D:5      | Noticed Blork the orc
  5814 | D:5      | Killed Blork the orc
  6364 | D:5      | Noticed Pikel
  6385 | D:5      | HP: 2/52 [lemure[Pikel] (4)]
  6391 | D:5      | HP: 2/52 [lemure[Pikel] (1)]
  6391 | D:5      | Slain by a lemure

Illustrated notes

Levels and vault maps discovered:
D:1:      kb_arrival_jail, layout_basic, minmay_bisected
D:2:      wad_woods_pond, layout_basic, minmay_vboxes, uniq_robin
D:3:      layout_rooms, st_stairs_12, minmay_misc_feat_diagonals
D:4:      layout_rooms, uniq_grinder
D:5:      layout_gridville, chequers_temple_overflow_statue_of_worship,
          uniq_blork_the_orc, uniq_pikel

Skill      XL: |  1  2  3  4  5  6  7 |
---------------+----------------------+-----
Dodging        | 2 3 4 5 |  5.2
Transmutations | 3 4 |  4.0
Spellcasting   | 3 4 |  4.5
Unarmed Combat | 4 |  4.9
Fighting       | |  1.1

Action                   |  1- 3 |  4- 6 |  7- 9 || total
-------------------------+-------+-------+-------++-------
Melee: Unarmed           |   120 |   214 |    65 ||   399
       Tailslap          |    12 |    22 |     7 ||    41
       Headbutt          |    12 |    31 |    11 ||    54
       Kick              |    20 |    43 |    22 ||    85
       Punch             |       |     2 |       ||     2
 Cast: Beastly Appendage |    31 |    37 |    12 ||    80
       Wereblood         |       |     1 |       ||     1
       Spider Form       |       |       |     3 ||     3
  Use: Scroll            |       |       |     3 ||     3
       Potion            |       |       |     1 ||     1
 Stab: Sleeping          |     1 |       |       ||     1
Armor: Skin              |    35 |    64 |    16 ||   115
Dodge: Dodged            |    74 |   195 |    81 ||   350

Table legend: (Time is in decaauts)
 A = Elapsed time spent in this place.
 B = Non-inter-level travel time spent in this place.
 C = Inter-level travel time spent in this place.
 D = Time resting spent in this place.
 E = Time spent auto-exploring this place.
 F = Levels seen in this place.
 G = Mean time per level.
                   A        B        C        D        E       F      G
               +--------+--------+--------+--------+--------+-----+--------+
         Total |   6377 |   6112 |    265 |   1532 |   2992 |   5 | 1275.4 |
       Dungeon |   6377 |   6112 |    265 |   1532 |   2992 |   5 | 1275.4 |
               +--------+--------+--------+--------+--------+-----+--------+

Top non-repeatable levels by time:
     D:2: 2073 daAuts
     D:1: 1548 daAuts
     D:5: 1053 daAuts
     D:3: 946 daAuts
     D:4: 756 daAuts
